General information
- name: BNet
- type: Ladder team game (AT/RT)
- host: Battle.net
- saver: SERIOUSCRAFT
map: GnollWood
- players: 6
- length: 26:16
- speed: Fast
- version: 1.24 W3XP
- replay type: Public
» download(170 KB)
Players
team 1 (loser)

»
CinnamonRasin (
yellow | 72 APM | 1886 actions | 26:14)
3 Firelord
2 Soul Burn
1 Summon Lava Spawn
» actions
| Assign group hotkey | 33 | |
| Basic commands | 258 | |
| Build / train | 63 | |
| ESC pressed | 8 | |
| Enter build submenu | 42 | |
| Enter hero's abilities submenu | 3 | |
| Give item / drop item | 1 | |
| Right click | 376 | |
| Select / deselect | 448 | |
| Select group hotkey | 587 | |
| Use ability | 67 | |
1886 total
» units
| Peon | 19 | |
| Grunt | 9 | |
| Wind Rider | 9 | |
| Troll Batrider | 1 | |
| Kodo Beast | 1 | |
39 total
» upgrades
| Armor | 1 | |
| Melee Weapons | 2 | |
| Pillage | 1 | |
| Berserker Strength | 1 | |
| Ranged Weapons | 2 | |
| Liquid Fire | 2 | |
| Envenomed Spears | 2 | |
11 total
» buildings
| Orc Burrow | 10 | |
| Altar of Storms | 2 | |
| Barracks | 2 | |
| Voodoo Lounge | 2 | |
| War Mill | 2 | |
| Stronghold | 2 | |
| Spirit Lodge | 1 | |
| Beastiary | 2 | |
| Fortress | 1 | |
| Great Hall | 5 | |
| Watch Tower | 7 | |
36 total
» build order
00:08 Orc Burrow
00:19 Altar of Storms
00:37 Barracks
01:23 Orc Burrow
02:06 Voodoo Lounge
03:04 War Mill
06:00 Stronghold
06:02 Orc Burrow
08:26 Spirit Lodge
08:28 Beastiary
08:50 Orc Burrow
08:53 Beastiary
09:59 Fortress
11:39 Orc Burrow
14:34 Great Hall
17:45 Watch Tower
18:37 Watch Tower
18:49 Watch Tower
18:55 Watch Tower
19:07 Watch Tower
19:52 Watch Tower
20:13 Watch Tower
22:22 Great Hall
22:34 Orc Burrow
22:46 Orc Burrow
23:11 Voodoo Lounge
23:13 Barracks
23:39 Orc Burrow
23:46 Great Hall
23:53 Altar of Storms
24:06 Orc Burrow
24:36 Orc Burrow
24:41 Great Hall
24:43 Stronghold
25:14 Great Hall
25:55 War Mill
» items
| Lesser Clarity Potion | 3 | |
| Healing Salve | 1 | |
| Scroll of Speed | 1 | |
| Scroll of Town Portal | 1 | |
6 total

»
Everything (
blue | 53 APM | 1392 actions | 26:06)
3 Firelord
2 Summon Lava Spawn
1 Incinerate
» actions
| Assign group hotkey | 43 | |
| Basic commands | 60 | |
| Build / train | 49 | |
| Enter build submenu | 24 | |
| Enter hero's abilities submenu | 4 | |
| Right click | 624 | |
| Select / deselect | 294 | |
| Select group hotkey | 263 | |
| Use ability | 31 | |
1392 total
» units
| Peasant | 20 | |
| Footman | 5 | |
| Rifleman | 13 | |
38 total
» upgrades
| Gunpowder | 1 | |
| Armor | 1 | |
| Long Rifles | 1 | |
3 total
» buildings
| Altar of Kings | 1 | |
| Barracks | 1 | |
| Farm | 8 | |
| Blacksmith | 1 | |
| Arcane Vault | 1 | |
| Lumber Mill | 2 | |
| Keep | 1 | |
| Scout Tower | 1 | |
| Arcane Tower | 1 | |
| Workshop | 1 | |
| Town Hall | 2 | |
20 total
» build order
00:07 Altar of Kings
00:16 Barracks
00:31 Farm
01:20 Farm
02:01 Blacksmith
03:04 Farm
03:17 Arcane Vault
03:49 Farm
04:24 Farm
05:06 Lumber Mill
06:03 Keep
06:41 Lumber Mill
08:09 Farm
08:10 Farm
12:14 Scout Tower
12:53 Arcane Tower
14:38 Workshop
15:51 Town Hall
17:23 Farm
19:08 Town Hall
» items

»
Sesame (
green | 91 APM | 2375 actions | 26:04)
4 Firelord
3 Summon Lava Spawn
1 Soul Burn
2 Shadow Hunter
1 Healing Wave
1 Hex
» actions
| Assign group hotkey | 31 | |
| Basic commands | 202 | |
| Build / train | 44 | |
| Enter build submenu | 17 | |
| Enter hero's abilities submenu | 6 | |
| Right click | 764 | |
| Select / deselect | 573 | |
| Select group hotkey | 656 | |
| Use ability | 82 | |
2375 total
» units
| Peon | 7 | |
| Grunt | 7 | |
| Demolisher | 4 | |
| Raider | 3 | |
21 total
» upgrades
| Melee Weapons | 2 | |
| Armor | 1 | |
| Ranged Weapons | 1 | |
| Ensnare | 1 | |
| Berserker Strength | 1 | |
| Shaman Training | 1 | |
7 total
» buildings
| Altar of Storms | 1 | |
| Orc Burrow | 7 | |
| Barracks | 2 | |
| War Mill | 2 | |
| Voodoo Lounge | 1 | |
| Stronghold | 1 | |
| Beastiary | 1 | |
| Fortress | 1 | |
| Spirit Lodge | 2 | |
18 total
» build order
00:09 Altar of Storms
00:21 Orc Burrow
00:39 Barracks
01:31 Orc Burrow
03:00 War Mill
03:55 Orc Burrow
03:57 Voodoo Lounge
05:00 Stronghold
06:29 Orc Burrow
08:16 Beastiary
08:59 Orc Burrow
09:03 Fortress
10:46 Spirit Lodge
11:25 Orc Burrow
11:28 Spirit Lodge
11:41 Orc Burrow
14:46 Barracks
16:25 War Mill
» items
| Healing Salve | 1 | |
| Lesser Clarity Potion | 2 | |
| Scroll of Speed | 1 | |
| Dust of Appearance | 1 | |
5 total
team 2 (winner)
blueflagon (
purple | 64 APM | 1671 actions | 26:15)
4 Archmage
2 Blizzard
2 Brilliance Aura
3 Blood Mage
2 Flame Strike
1 Banish
» actions
| Assign group hotkey | 67 | |
| Basic commands | 12 | |
| Build / train | 66 | |
| ESC pressed | 4 | |
| Enter build submenu | 34 | |
| Enter hero's abilities submenu | 8 | |
| Right click | 800 | |
| Select / deselect | 407 | |
| Select group hotkey | 127 | |
| Use ability | 146 | |
1671 total
» units
| Peasant | 18 | |
| Sorceress | 2 | |
| Mortar Team | 5 | |
25 total
» upgrades
| Masonry | 2 | |
| Sorceress Training | 1 | |
| Gunpowder | 1 | |
4 total
» buildings
| Altar of Kings | 1 | |
| Farm | 9 | |
| Lumber Mill | 1 | |
| Scout Tower | 23 | |
| Arcane Tower | 1 | |
| Guard Tower | 11 | |
| Keep | 1 | |
| Arcane Sanctum | 1 | |
| Blacksmith | 1 | |
| Arcane Vault | 1 | |
| Workshop | 2 | |
| Castle | 1 | |
| Town Hall | 1 | |
54 total
» build order
00:18 Altar of Kings
00:35 Farm
01:16 Lumber Mill
01:23 Farm
01:30 Scout Tower
01:34 Scout Tower
01:59 Arcane Tower
02:02 Scout Tower
02:17 Guard Tower
02:17 Guard Tower
02:21 Scout Tower
02:30 Guard Tower
02:46 Farm
02:47 Farm
02:51 Guard Tower
03:36 Keep
03:43 Farm
03:47 Scout Tower
03:48 Scout Tower
03:50 Scout Tower
03:54 Scout Tower
06:05 Guard Tower
06:07 Arcane Sanctum
06:11 Blacksmith
06:20 Scout Tower
06:21 Scout Tower
06:23 Scout Tower
06:24 Scout Tower
06:51 Guard Tower
06:53 Guard Tower
07:10 Arcane Vault
07:30 Guard Tower
08:04 Workshop
08:06 Workshop
08:13 Farm
08:14 Farm
08:51 Farm
09:18 Farm
12:01 Scout Tower
12:01 Scout Tower
14:09 Guard Tower
17:38 Scout Tower
17:39 Scout Tower
17:39 Scout Tower
17:42 Scout Tower
19:06 Guard Tower
19:14 Castle
24:00 Town Hall
24:08 Scout Tower
24:09 Scout Tower
24:10 Scout Tower
24:11 Scout Tower
24:11 Scout Tower
26:00 Guard Tower
» items
| Scroll of Regeneration | 5 | |
| Lesser Clarity Potion | 4 | |
| Scroll of Town Portal | 4 | |
| Potion of Healing | 1 | |
14 total
KeKeZergRush (
orange | 52 APM | 1361 actions | 26:15)
3 Mountain King
2 Storm Bolt
1 Bash
» actions
| Assign group hotkey | 11 | |
| Build / train | 37 | |
| ESC pressed | 4 | |
| Enter build submenu | 20 | |
| Enter hero's abilities submenu | 3 | |
| Right click | 828 | |
| Select / deselect | 216 | |
| Select group hotkey | 154 | |
| Use ability | 83 | |
1361 total
» units
» upgrades
» buildings
| Altar of Kings | 2 | |
| Farm | 5 | |
| Lumber Mill | 2 | |
| Scout Tower | 15 | |
| Arcane Tower | 2 | |
| Guard Tower | 5 | |
| Keep | 1 | |
32 total
» build order
00:10 Altar of Kings
00:13 Farm
00:25 Lumber Mill
00:32 Lumber Mill
01:02 Farm
01:21 Scout Tower
01:48 Scout Tower
01:49 Scout Tower
01:52 Arcane Tower
02:18 Guard Tower
02:19 Arcane Tower
02:26 Scout Tower
02:31 Scout Tower
02:55 Guard Tower
02:57 Scout Tower
02:59 Scout Tower
03:37 Guard Tower
03:52 Keep
04:16 Guard Tower
06:36 Scout Tower
06:37 Scout Tower
06:38 Scout Tower
06:38 Scout Tower
06:40 Scout Tower
06:41 Scout Tower
06:42 Scout Tower
06:42 Scout Tower
07:11 Guard Tower
08:54 Altar of Kings
08:56 Farm
23:26 Farm
25:25 Farm
» items
| Boots of Speed | 1 | |
| Staff of Teleportation | 1 | |
| Healing Salve | 4 | |
| Lesser Clarity Potion | 3 | |
| Orb of Lightning | 1 | |
10 total
SERIOUSCRAFT (
red | 60 APM | 1574 actions | 26:16)
6 Blademaster
3 Wind Walk
2 Critical Strike
1 Bladestorm
» actions
| Assign group hotkey | 6 | |
| Build / train | 51 | |
| Enter build submenu | 20 | |
| Enter hero's abilities submenu | 6 | |
| Give item / drop item | 3 | |
| Right click | 1063 | |
| Select / deselect | 154 | |
| Select group hotkey | 197 | |
| Use ability | 74 | |
1574 total
» units
» upgrades
| Spiked Barricades | 1 | |
| Ranged Weapons | 3 | |
| Armor | 1 | |
| Reinforced Defenses | 1 | |
| Liquid Fire | 1 | |
7 total
» buildings
| Altar of Storms | 1 | |
| Orc Burrow | 4 | |
| War Mill | 1 | |
| Voodoo Lounge | 1 | |
| Watch Tower | 14 | |
| Stronghold | 1 | |
| Beastiary | 3 | |
| Fortress | 1 | |
| Great Hall | 1 | |
27 total
» build order
00:07 Altar of Storms
00:20 Orc Burrow
00:51 War Mill
01:14 Voodoo Lounge
01:54 Orc Burrow
02:10 Watch Tower
02:38 Watch Tower
04:08 Watch Tower
04:10 Watch Tower
04:11 Watch Tower
04:17 Stronghold
07:31 Beastiary
07:32 Beastiary
07:35 Beastiary
08:49 Fortress
08:57 Orc Burrow
11:09 Orc Burrow
12:00 Watch Tower
12:04 Watch Tower
12:06 Watch Tower
12:08 Watch Tower
12:09 Watch Tower
12:10 Watch Tower
12:41 Watch Tower
15:26 Watch Tower
15:27 Watch Tower
25:53 Great Hall
» items
| Healing Salve | 2 | |
| Lesser Clarity Potion | 3 | |
| Boots of Speed | 1 | |
| Circlet of Nobility | 1 | |
| Staff of Teleportation | 1 | |
| Orb of Lightning | 1 | |
| Potion of Lesser Invulnerability | 1 | |
10 total
Chat log
(00:32 / Allies) SERIOUSCRAFT: keke get dual aoe
(00:36 / Allies) KeKeZergRush: aww man
(00:37 / Allies) SERIOUSCRAFT: flagon go mk pally?
(00:37 / Allies) KeKeZergRush: fine
(00:40 / Allies) blueflagon: sure
(00:43 / Allies) SERIOUSCRAFT: or switch
(00:48 / Allies) blueflagon: ill do aoe
(00:50 / Allies) blueflagon: i dont mind
(00:52 / Allies) SERIOUSCRAFT: k
(00:53 / Allies) KeKeZergRush: kk mk and pala then
(02:33 / All) blueflagon: CHARGGEEEE
(03:00 / Allies) blueflagon: firelorsd
(03:03 / Allies) blueflagon: 2
(03:03 / Allies) blueflagon: 3
(03:09 / Allies) SERIOUSCRAFT: hm
(03:38 / Allies) SERIOUSCRAFT: got him
(03:50 / Allies) SERIOUSCRAFT: thatll stop the fl rush
(04:04 / Allies) blueflagon: are they tri orc?
(04:35 / Allies) blueflagon: militia
(05:16 / Allies) SERIOUSCRAFT: gto him
(06:00 / Allies) SERIOUSCRAFT: hah
(07:20 / Allies) SERIOUSCRAFT: ran out of mana
(07:36 / Allies) blueflagon: ,mm
(07:37 / Allies) blueflagon: hes not ok
(07:48 / Allies) blueflagon: we can tech and win still i think
(07:54 / Allies) SERIOUSCRAFT: yeah im bats soon
(07:54 / Allies) blueflagon: going vis mort
(08:19 / Allies) blueflagon: get some dudes out
(08:24 / Allies) KeKeZergRush: got 4
(08:24 / Allies) blueflagon: good god
(08:25 / Allies) KeKeZergRush: and hero
(08:28 / Allies) SERIOUSCRAFT: gj
(09:49 / Allies) blueflagon: kil ema ll
(11:49 / Allies) KeKeZergRush: care for wyverns
(12:14 / Allies) blueflagon: here i go
(13:48 / Allies) SERIOUSCRAFT: wood
(13:51 / Allies) SERIOUSCRAFT: oh nm
(14:04 / Allies) SERIOUSCRAFT: nice blue
(14:06 / Allies) SERIOUSCRAFT: flagon
(14:12 / Allies) SERIOUSCRAFT: im batting him
(14:56 / Allies) blueflagon: im off to blue goodluck
(15:01 / Allies) SERIOUSCRAFT: yellow
(16:04 / Allies) blueflagon: ah
(16:09 / Allies) blueflagon: is your base holding?
(16:18 / Allies) SERIOUSCRAFT: barely
(17:30 / Allies) blueflagon: come blademaster and mk
(17:31 / Allies) blueflagon: pick them off
(17:38 / Allies) KeKeZergRush: im doing this kind of
(20:43 / Allies) blueflagon: i wont be able to get yellow with this many morts
(20:50 / Allies) blueflagon: unlses u hep with bat
(20:55 / Allies) KeKeZergRush: gold for light orb please
(21:08 / Allies) KeKeZergRush: ty
(22:17 / Allies) KeKeZergRush: i got killed by red creeps
(22:18 / Allies) KeKeZergRush: wah
(22:24 / Allies) KeKeZergRush: red items
(22:57 / Allies) blueflagon: no tp on lbue
(23:36 / Allies) SERIOUSCRAFT: gj
(23:41 / Allies) KeKeZergRush: gold and lum for tavern rez please
(23:48 / Allies) KeKeZergRush: and a unit near tavern i guess
(24:02 / Allies) SERIOUSCRAFT: this needs to die
(24:14 / Allies) SERIOUSCRAFT: cleaning this up now
(25:01 / Allies) blueflagon: nmassacredd
(25:15 / Allies) KeKeZergRush: 100 more gold
(26:07 / All) SERIOUSCRAFT: gg shitnoobs
(26:14 / Allies) blueflagon: firelord